 Dungeon Crawl Stone Soup version 0.29-a0-214-g17f627cfee (webtiles) character file.

Game seed: 13503691806028772258

58 wakim the Skirmisher (level 3, -4/31 HPs)
             Began as a Palentonga Fighter on Feb 24, 2022.
             Slain by Terence
             ... wielding a +4 morningstar of protection
              (12 damage)
             ... on level 2 of the Dungeon.
             The game lasted 00:08:41 (2133 turns).

wakim the Skirmisher (Palentonga Fighter)           Turns: 2133, Time: 00:08:42

Health: -4/31      AC:  6    Str: 21    XL:     3   Next: 76%
Magic:  3/3        EV:  7    Int:  8    God:
Gold:   127        SH:  4    Dex:  9    Spells: 2/2 levels left

rFire   . . .      SeeInvis +   a - +0 flail
rCold   . . .      Faith    .   c - +0 buckler
rNeg    . . .      Spirit   .   Q - +0 scale mail
rPois   .          Reflect  .   (no helmet)
rElec   .          Harm     .   (no cloak)
rCorr   .          Rampage  .   (no gloves)
Will    .....                   (no barding)
Stlth   ..........              (no amulet)
HPRegen 0.10/turn               (no ring)
MPRegen 0.08/turn               (no ring)

@: mighty
A: large, rugged brown scales 3, see invisible, deformed body, roll 1, armoured
tail
a: Rolling Charge


You were on level 2 of the Dungeon.
You visited 1 branch of the dungeon, and saw 2 of its levels.

You collected 127 gold pieces.

Inventory:

Hand Weapons
 a - a +0 flail (weapon)
 b - a +3 hunting sling
Missiles
 S - 6 boomerangs
Armour
 c - a +0 buckler (worn)
 Q - a +0 scale mail (worn)
Scrolls
 O - a scroll of vulnerability {unknown}
 P - a scroll of teleportation {unknown}
Potions
 R - a potion of magic {unknown}


   Skills:
 + Level 3.5 Fighting
 * Level 3.1 Maces & Flails
 - Level 2.5 Armour
 + Level 2.8 Shields


You had 2 spell levels left.
You didn't know any spells.
Your spell library contained the following spells:

 Spells                   Type           Power      Damage    Failure   Level
 Ignite Poison            Fire/Tmut/Pois 0%         N/A       99%         3
 Mephitic Cloud           Conj/Pois/Air  0%         N/A       99%         3
 Freezing Cloud           Conj/Ice/Air   0%         6-21      100%        5


Dungeon Overview and Level Annotations

Branches:
Dungeon (2/15)

Altars:

Shops:
D:1 (

Annotations:
D:2 Terence


Innate Abilities, Weirdness & Mutations

You are completely covered in rugged brown scales. (AC +3, +7% HP)
You have supernaturally acute eyesight. (SInv)
Armour fits poorly on your strangely shaped body.
You can roll at nearby foes to attack.
You have a long armoured tail.


Message History

Weapon Terence the Incautious comes into view.
He is wielding a +4 morningstar of protection.
Terence shouts!
b - a +3 hunting sling (weapon)
You shoot a sling bullet.
The sling bullet hits Terence but does no damage.
You shoot a sling bullet. The sling bullet hits Terence.
Terence is moderately wounded.
You shoot a sling bullet.
The sling bullet hits Terence but does no damage.
Terence is moderately wounded.
Terence hits you but does no damage.
a - a +0 flail (weapon)
You hit Terence but do no damage.
Terence is moderately wounded.
Terence hits you with a +4 morningstar of protection! 23/31 (-8)
You sock Terence!
Terence is heavily wounded.
Terence hits you with a +4 morningstar of protection.
Terence hits you with a +4 morningstar of protection!
* * * LOW HITPOINT WARNING * * *
15/31 (-8)
You barely miss Terence.
Terence is heavily wounded.
You block Terence's attack.
You closely miss Terence.
Terence is heavily wounded.
Terence hits you with a +4 morningstar of protection.
* * * LOW HITPOINT WARNING * * *
13/31 (-2)
You feel very mighty all of a sudden.
Terence hits you with a +4 morningstar of protection.
* * * LOW HITPOINT WARNING * * *
8/31 (-5)
You hit Terence but do no damage.
Terence is heavily wounded.
You block Terence's attack.
Terence hits you with a +4 morningstar of protection!
You die...

................#
#........
########........#
#........ #........#
#........ #........#
##..#.... #........#
#..#.... #####....#
#..#.... #....#
#....... #....#
#.##.... #.@..#
#.......
#..@................
#.......############
#.......# #...
#.......# #...
#.......# ###...
#.......# #.....
#.......# #.#...
#.#...


You could see Terence.

Vanquished Creatures
  2 adders (D:2)
  A worm (D:2)
  A dart slug (D:2)
  5 endoplasms
  A giant cockroach (D:2)
  4 goblins
  4 hobgoblins
  2 quokkas (D:1)
  4 ball pythons
  5 bats
  2 frilled lizards (D:2)
  3 kobolds (D:2)
  2 rats
36 creatures vanquished.

Notes
Turn   | Place    | Note
-------+----------+-------------------------------------------
     0 | D:1      | wakim the Palentonga Fighter began the quest for the Orb.
     0 | D:1      | Reached XP level 1. HP: 19/19 MP: 1/1
   388 | D:1      | Reached XP level 2. HP: 25/25 MP: 2/2
   982 | D:1      | !bestwep
  1039 | D:1      | Found a faded altar of an unknown god.
  1072 | D:1      | Found Onimnar's Weapon Shop.
  1369 | D:2      | Reached XP level 3. HP: 29/31 MP: 3/3
  2122 | D:2      | Noticed Terence
  2133 | D:2      | Slain by Terence

Illustrated notes

....... ..# ..#..##.$##
##.#.......# ..........# #
#........ ### # ##.##...... ##.##
######## ..$......# ##.#.###
.......# #@.# #.###.#. ##.....#
########.##########.....
##.###.###...............#.......
##.#.....#.#############.##...รท..
.....#)###.#...........#.##..##.#
.#.#.#.###.#.####.####.#........#
.#.#.#.#...#.#.......#.#.#..##..#
.#.....#.#.#.#.#####.#.#.##.##..#
.###.....#.#.#.#...#.#.#.#.......


Turn 982 on D:1: !bestwep

Levels and vault maps discovered:
D:1:      matt_arrival_refuge, layout_loops_cross,
          hellmonk_ecumenical_altar_pennies_from_heaven, serial_shops, shop,
          minmay_misc_feat_doors
D:2:      layout_basic, uniq_terence

Skill      XL: |  1  2  3 |
---------------+----------+-----
Maces & Flails | 3 |  3.1
Fighting       | |  3.5
Armour         | |  2.5
Shields        | |  2.8

Action                   || total
-------------------------++-------
Melee: Flail             ||    98
       Tailslap          ||     3
 Fire: Hunting sling     ||    44
 Abil: Rolling Charge    ||     7
  Use: Potion            ||     1
Armor: Scale mail        ||    67
Dodge: Dodged            ||    36
Block: Buckler           ||    21

Table legend: (Time is in decaauts)
 A = Elapsed time spent in this place.
 B = Non-inter-level travel time spent in this place.
 C = Inter-level travel time spent in this place.
 D = Time resting spent in this place.
 E = Time spent auto-exploring this place.
 F = Levels seen in this place.
 G = Mean time per level.
                   A        B        C        D        E       F      G
               +--------+--------+--------+--------+--------+-----+--------+
         Total |   2185 |   2082 |    103 |    244 |   1489 |   2 | 1092.5 |
       Dungeon |   2185 |   2082 |    103 |    244 |   1489 |   2 | 1092.5 |
               +--------+--------+--------+--------+--------+-----+--------+

Top non-repeatable levels by time:
     D:1: 1313 daAuts
     D:2: 871 daAuts
